 Dungeon Crawl Stone Soup version 0.28-a0-643-g84cb2ea78e (webtiles) character file.

Game seed: 17202024588032936279

3682 Zeldest the Insei (level 9, -7/72 HPs)
             Began as a Demonspawn Transmuter on Oct 10, 2021.
             Was an Initiate of Cheibriados.
             Mangled by a fire elemental (10 damage)
             ... summoned by a deep elf pyromancer
             ... on level 7 of the Dungeon.
             The game lasted 00:25:38 (7473 turns).

Zeldest the Insei (Demonspawn Transmuter)           Turns: 7473, Time: 00:25:39

Health: -7/72      AC:  2    Str: 11    XL:     9   Next: 90%
Magic:  9/12       EV: 19    Int: 19    God:    Cheibriados [......]
Gold:   572        SH:  0    Dex: 20    Spells: 4/12 levels left

rFire   . . .      SeeInvis .     - Unarmed
rCold   + . .      Faith    .   (shield currently unavailable)
rNeg    . . .      Spirit   .   (armour currently unavailable)
rPois   x          Reflect  .   (helmet currently unavailable)
rElec   .          Harm     .   (cloak currently unavailable)
rCorr   .          Rampage  .   (gloves currently unavailable)
Will    .....                   (boots currently unavailable)
Stlth   ++........              (no amulet)
HPRegen 0.22/turn               f - ring of wizardry
MPRegen 0.13/turn               k - ring of protection from cold

@: about to teleport, spider-form, very slow
A: venomous fangs, tiny, (antennae 2), (hooves 1), ignite blood 1, demonic magic
1, (weakness stinger 1)
a: End Transformation, Renounce Religion, Bend Time


You were on level 7 of the Dungeon.
You worshipped Cheibriados.
Cheibriados was noncommittal.
You were a venomous arachnid creature.
You visited 2 branches of the dungeon, and saw 8 of its levels.

You collected 572 gold pieces.

Inventory:

Armour
 a - a +1 robe (melded)
Jewellery
 f - a ring of wizardry (left front leg)
 k - a ring of protection from cold (right front leg)
 n - a ring of positive energy
Wands
 c - a wand of flame (36)
 s - a wand of polymorph (6)
 v - a wand of iceblast (16)
Scrolls
 b - a scroll of immolation
 g - a scroll of fog
 i - a scroll of magic mapping {unknown}
 l - 3 scrolls of enchant armour
 o - a scroll of teleportation
 p - a scroll of enchant weapon {unknown}
Potions
 d - a potion of brilliance {unknown}
 h - a potion of haste {unknown}
 j - 5 potions of flight {unknown}
 m - a potion of cancellation
 r - 2 potions of degeneration {unknown}
 t - a potion of berserk rage {unknown}
 u - 2 potions of curing


   Skills:
 + Level 7.2 Fighting
 - Level 1.7 Dodging
 + Level 7.2 Unarmed Combat
 - Level 2.0 Spellcasting
 + Level 4.7 Conjurations
 + Level 6.7 Transmutations
 - Level 4.0 Ice Magic


You had 4 spell levels left.
You knew the following spells:

 Your Spells              Type           Power      Damage    Failure   Level
a - Beastly Appendage     Tmut           54%        N/A       2%          1
b - Spider Form           Tmut/Pois      7%         N/A       12%         3
c - Ice Form              Ice/Tmut       22%        N/A       16%         4

Your spell library contained the following spells:

 Spells                   Type           Power      Damage    Failure   Level
 Wereblood                Tmut           27%        N/A       2%          2
 Sting                    Tmut/Pois      56%        1d5       5%          1
 Static Discharge         Conj/Air       10%        N/A       10%         2
 Ozocubu's Armour         Ice            17%        N/A       10%         3
 Summon Small Mammal      Summ           4%         N/A       16%         1
 Corpse Rot               Necr/Air       N/A        N/A       21%         2
 Poisonous Vapours        Pois/Air       2%         N/A       21%         2
 Sticky Flame             Conj/Fire      10%        2d3       41%         4
 Dispel Undead            Necr           1%         3d6       69%         4
 Summon Lightning Spire   Summ/Air       1%         N/A       69%         4
 Blade Hands              Tmut           13%        N/A       22%         5
 Irradiate                Conj/Tmut      11%        3d17      32%         5
 Summon Cactus Giant      Summ           0%         N/A       100%        6
 Necromutation            Tmut/Necr      7%         N/A       100%        8


Dungeon Overview and Level Annotations

Branches:
Dungeon (7/15)             Temple (1/1) D:7

Altars:
Ashenzari
Cheibriados
Dithmenos
Elyvilon
Fedhas
Gozag
Hepliaklqana
Kikubaaqudgha
Makhleb
Nemelex Xobeh
Okawaru
Qazlal
Ru
Sif Muna
Trog
Uskayaw
Vehumet
Wu Jian
Xom
Yredelemnul
Zin

Shops:
D:1 *[   D:2 [   D:6 [

Annotations:
D:3 1 runed translucent door, exclusion: adder, snackwell's ghost, amateur KoBr
D:4 exclusion: scorpion


Innate Abilities, Weirdness & Mutations

You are a venomous arachnid creature.
You have poisonous fangs.
You are tiny and dextrous.
Your spellcasting is less reliable in this form.
Your armour is entirely melded.
You are incapable of wielding weapons or throwing items.
((You have a pair of antennae on your head.))
((You have large cloven feet.))
Your demonic aura sometimes causes spilled blood to erupt in flames.
Spells you cast may paralyse adjacent enemies.
((You have a small tail.))


Message History

The water moccasin skeleton misses you.
Your transformation has ended.
Your +1 robe unmelds from your body.
The water moccasin skeleton bites you.
Casting: Spider Form (dangerous; 5% risk of failure)
Confirm with . or Enter, or press ? or * to list all spells.
Your feet morph into talons.
Malevolent energies surge around you.
The water moccasin skeleton suddenly stops moving!
Casting: Beastly Appendage (safe; 1% risk of failure)
Confirm with . or Enter, or press ? or * to list all spells.
Your talons disappear.
You turn into a venomous arachnid creature.
Your +1 robe melds into your body.
Malevolent energies surge around you.
The helpless water moccasin skeleton fails to defend itself.
You bite the water moccasin skeleton!
The water moccasin skeleton is heavily damaged.
The fire elemental hits you. The fire elemental burns you!
* * * LOW HITPOINT WARNING * * *
The helpless water moccasin skeleton fails to defend itself.
You bite the water moccasin skeleton!
The water moccasin skeleton is heavily damaged.
The water moccasin skeleton is no longer paralysed.
The fire elemental barely misses you.
The water moccasin skeleton closely misses you.
The howler monkey skeleton is engulfed in blazing flames.
The howler monkey skeleton is destroyed!
You hit the water moccasin skeleton.
The water moccasin skeleton is severely damaged.
The fire elemental misses you.
The water moccasin skeleton bites you but does no damage.
The fire elemental hits you.
* * * LOW HITPOINT WARNING * * *
The fire elemental burns you!
* * * LOW HITPOINT WARNING * * *
As you read the scroll of teleportation, it crumbles to dust.
You feel strangely unstable. The water moccasin skeleton bites you.
* * * LOW HITPOINT WARNING * * *
The fire elemental hits you.
* * * LOW HITPOINT WARNING * * *
The fire elemental burns you!
You die...

#############
#...........#
.####.#########.########
.Z.Z☼.# #### #.......(#
............#
#..#.###.###
########.##.# #....#
#...# ##
#.##☼####Z#.###.#.# .###
#.#..☼###s#.)...#.# ...#
#.....°°E.###.....##
...#
###...######...#...#
#..# ##.## #.......##
#9.# #.# #..#.#...####
##.## #.# #..#.###....##
.#9.## #.#
##.##...###...#
.##..#### #.#
###..#........#.#
#.#.{##.###.#
##...##..>..##...#


You could see a fire elemental (summoned) and a water moccasin skeleton.

Vanquished Creatures
  Pikel (D:4)
  A gargoyle (D:7)
  Prince Ribbit (D:5)
  A wraith (D:7)
  Sigmund (D:4)
  Menkaure (D:6)
  A water moccasin (D:6)
  An orc warrior (D:7)
  An ice beast (D:5)
  2 sky beasts
  A black bear (D:7)
  A necrophage (D:5)
  2 centaurs
  3 ogres (D:5)
  4 phantoms
  Blork the orc (D:5)
  A kobold brigand (D:7)
  3 scorpions
  A wyvern skeleton (D:6)
  A wight (D:7)
  An electric eel (D:7)
  A centaur zombie (D:7)
  A hound (D:5)
  An orc priest (D:7)
  A gnoll shaman (D:7)
  3 iguanas
  A bullfrog skeleton (D:6)
  A centaur skeleton (D:6)
  2 orc wizards
  A hound skeleton (D:4)
  6 gnolls
  A howler monkey skeleton (D:7)
  8 adders
  2 shadow imps
  3 white imps
  An adder skeleton (D:5)
  A worm (D:2)
  11 orcs
  2 bats
  9 endoplasms
  4 giant cockroaches
  7 goblins
  5 hobgoblins
  4 jackals (D:2)
  3 kobolds
  5 quokkas
  4 ball pythons
  2 frilled lizards (D:2)
  3 rats
123 creatures vanquished.

Vanquished Creatures (others)
  A howler monkey skeleton (D:7)
1 creature vanquished.

Grand Total: 124 creatures vanquished

Notes
Turn   | Place    | Note
-------+----------+-------------------------------------------
     0 | D:1      | Zeldest the Demonspawn Transmuter began the quest for the
                  | Orb.
     0 | D:1      | Reached XP level 1. HP: 15/15 MP: 3/3
   181 | D:1      | Gained mutation: Your demonic aura sometimes causes spilled
                  | blood to erupt in flames. [demonic ancestry]
   181 | D:1      | Reached XP level 2. HP: 6/21 MP: 3/5
   275 | D:1      | Found Fiwegro's Antique Armour Boutique.
   449 | D:1      | Found Meses's Assorted Antiques.
   504 | D:1      | Got the Volume of Mutagenic Poison
   620 | D:2      | Found Pyrphe's Armour Boutique.
   790 | D:2      | Discovered your monstrous ancestry.
   790 | D:2      | Lost mutation: You have a pair of horns on your head.
                  | [demonic ancestry]
   790 | D:2      | Lost mutation: You have a pair of small horns on your head.
                  | [demonic ancestry]
   790 | D:2      | Gained mutation: You have a pair of small antennae on your
                  | head. [demonic ancestry]
   790 | D:2      | Reached XP level 3. HP: 25/26 MP: 4/6
   850 | D:2      | HP: 1/27 [poisoned by an adder]
  1187 | D:3      | Found a runed translucent door.
  1187 | D:3      | Noticed snackwell's ghost (amateur KoBr)
  1224 | D:3      | Gained mutation: You have a small tail. [demonic ancestry]
  1224 | D:3      | Reached XP level 4. HP: 8/33 MP: 7/7
  1454 | D:3      | Found a shimmering blue altar of Sif Muna.
  2306 | D:3      | Noticed an ogre
  2813 | D:4      | Found a blossoming altar of Fedhas.
  2933 | D:4      | Reached skill level 1 in Conjurations
  3341 | D:4      | Noticed a scorpion
  3491 | D:4      | Gained mutation: Spells you cast may paralyse adjacent
                  | enemies. [demonic ancestry]
  3491 | D:4      | Reached XP level 5. HP: 36/39 MP: 6/8
  3914 | D:5      | Entered Level 5 of the Dungeon
  3914 | D:5      | Noticed Sigmund
  3914 | D:5      | Noticed an ice beast
  3931 | D:4      | Killed Sigmund
  3932 | D:4      | Reached XP level 6. HP: 31/47 MP: 9/9
  4092 | D:5      | Killed an ice beast
  4227 | D:5      | Noticed Blork the orc
  4242 | D:5      | Noticed Prince Ribbit
  4254 | D:5      | Learned a level 3 spell: Spider Form
  4271 | D:5      | Killed Prince Ribbit
  4272 | D:5      | Gained mutation: You have a pair of antennae on your head.
                  | [demonic ancestry]
  4272 | D:5      | Reached XP level 7. HP: 43/53 MP: 1/10
  4349 | D:5      | Learned a level 4 spell: Ice Form
  4466 | D:5      | Reached skill level 1 in Ice Magic
  4476 | D:5      | Reached skill level 5 in Unarmed Combat
  4753 | D:5      | Reached XP level 8. HP: 15/61 MP: 5/11
  5015 | D:5      | Got the Guide on Creation and Snow
  5480 | D:5      | Noticed Pikel
  5504 | D:4      | Killed Pikel
  5505 | D:4      | Reached skill level 5 in Fighting
  5505 | D:4      | Reached skill level 5 in Transmutations
  5892 | D:5      | Killed Blork the orc
  6182 | D:6      | Found Arui's Armour Shop.
  6186 | D:6      | Gained mutation: You have large cloven feet. [demonic
                  | ancestry]
  6186 | D:6      | Reached XP level 9. HP: 69/69 MP: 7/12
  6244 | D:6      | Noticed Menkaure
  6256 | D:6      | Killed Menkaure
  6409 | D:6      | Identified the +3 great mace of the Hills {pain, +Blink rC+
                  | Str-3 Dex+8}
  6436 | D:6      | Identified the +5 dagger of the Unkillable {vorpal, rN+++}
  6800 | D:7      | Noticed a gargoyle
  6800 | D:7      | Noticed a komodo dragon
  6800 | D:7      | Noticed a deep elf pyromancer
  7088 | D:7      | Found a staircase to the Ecumenical Temple.
  7095 | Temple   | Entered the Ecumenical Temple
  7279 | Temple   | Became a worshipper of Cheibriados the Contemplative
  7325 | D:7      | Killed a gargoyle
  7473 | D:7      | HP: 3/72 [fire elemental[a deep elf pyromancer] (1)]
  7473 | D:7      | Mangled by a fire elemental

Illustrated notes

Levels and vault maps discovered:
D:1:      minmay_arrival_diagonal_passages, layout_basic, serial_shops,
          nicolae_square_shop, nicolae_square_shop
D:2:      layout_basic, ebering_ecumenical_altar_webs, serial_shops, shop
D:3:      layout_basic, lemuel_doored_altar, ebering_ghost_inner_flame
D:4:      layout_basic, mainiacjoe_overflow_brackets
D:5:      layout_basic, kennysheep_mini, minivault_19,
          minmay_fractal_squares_diagonal_5, uniq_sigmund, uniq_prince_ribbit1,
          uniq_pikel, uniq_blork_the_orc
D:6:      layout_basic, serial_shops, shop_coins, uniq_menkaure
D:7:      minmay_the_grid_four_pointed_star
          [minmay_the_grid_triangle_9x9_thin_v,
          minmay_the_grid_triangle_9x9_zippers_horizontal,
          minmay_the_grid_triangle_9x9_descending_squares,
          minmay_the_grid_triangle_9x9_wacky_v, minmay_the_grid_prize_big_room],
          layout_loops_ring, minmay_temple_entry_slanted,
          amcnicky_mini_pool_medium, uniq_duvessa, uniq_crazy_yiuf_cottage
Temple:   dpeg_five_rooms_temple

Skill      XL: |  1  2  3  4  5  6  7  8  9 |
---------------+----------------------------+-----
Unarmed Combat | 3 4 5 6 7 |  7.2
Transmutations | 2 3 4 5 6 |  6.7
Fighting       | 2 3 4 5 7 |  7.2
Conjurations   | 1 2 3 4 |  4.7
Ice Magic      | 1 3 4 |  4.0
Dodging        | |  1.7
Spellcasting   | |  2.0

Action                   |  1- 3 |  4- 6 |  7- 9 || total
-------------------------+-------+-------+-------++-------
Melee: Unarmed           |   134 |   110 |   180 ||   424
       Kick              |    20 |    20 |       ||    40
       Headbutt          |     3 |       |       ||     3
       Punch             |     2 |       |       ||     2
       Tailslap          |       |    10 |       ||    10
 Cast: Beastly Appendage |    29 |    24 |     5 ||    58
       Spider Form       |       |     2 |    10 ||    12
       Ice Form          |       |       |    19 ||    19
Evoke: Wand              |       |     4 |    15 ||    19
  Use: Potion            |     1 |     3 |     1 ||     5
       Scroll            |       |     7 |     1 ||     8
 Stab: Sleeping          |     3 |     1 |     1 ||     5
       Paralysed         |       |       |     3 ||     3
Armor: Robe              |    19 |     8 |       ||    27
       Skin              |       |       |    48 ||    48
Dodge: Dodged            |    64 |    62 |    84 ||   210

Table legend: (Time is in decaauts)
 A = Elapsed time spent in this place.
 B = Non-inter-level travel time spent in this place.
 C = Inter-level travel time spent in this place.
 D = Time resting spent in this place.
 E = Time spent auto-exploring this place.
 F = Levels seen in this place.
 G = Mean time per level.
                   A        B        C        D        E       F      G
               +--------+--------+--------+--------+--------+-----+--------+
         Total |   7495 |   7104 |    391 |   1769 |   2486 |   8 |  936.9 |
       Dungeon |   7271 |   6919 |    352 |   1769 |   2322 |   7 | 1038.7 |
        Temple |    224 |    185 |     39 |      0 |    164 |   1 |  224.0 |
               +--------+--------+--------+--------+--------+-----+--------+

Top non-repeatable levels by time:
     D:5: 1738 daAuts
     D:3: 1565 daAuts
     D:4: 1416 daAuts
     D:2: 739 daAuts
     D:1: 623 daAuts
     D:6: 605 daAuts
     D:7: 583 daAuts
  Temple: 224 daAuts
